 Dungeon Crawl Stone Soup version 0.26-a0-665-gefeb406119 (webtiles) character file.

Game seed: 4074604818608642575

2 miscthings the Sneak (level 1, -4/20 HPs)
             Began as a Palentonga Delver on Oct 16, 2020.
             Slain by a mummy (10 damage)
             ... in an ossuary.
             The game lasted 00:00:49 (125 turns).

miscthings the Sneak (Palentonga Delver)             Turns: 125, Time: 00:00:49

Health: -4/20      AC:  6    Str: 15    XL:     1   Next: 33%
Magic:  1/1        EV:  9    Int: 10    God:
Gold:   31         SH:  0    Dex: 11    Spells: 0/0 levels left

rFire    . . .     SeeInvis +   a - +0 hand axe
rCold    . . .     Faith    .   (no shield)
rNeg     . . .     Spirit   .   b - +0 leather armour
rPois    .         Reflect  .   j - +1 helmet
rElec    .         Harm     .   (no cloak)
rCorr    .         Rampage  .   (no gloves)
MR       .....                  (no barding)
Stlth    ++........             (no amulet)
HPRegen  0.06/turn              (no ring)
MPRegen  0.07/turn              (no ring)

@: hasted, very quick
A: large, rugged brown scales 3, see invisible, deformed body, roll, armoured
tail
a: Rolling Charge


You were in an ossuary.
You visited 1 branch of the dungeon, and saw 1 of its levels.
You also visited: Ossuary.

You collected 31 gold pieces.

Inventory:

Hand Weapons
 a - a +0 hand axe (weapon)
Armour
 b - a +0 leather armour (worn)
 j - a +1 helmet (worn)
Wands
 g - a wand of digging (3)
Scrolls
 c - a scroll of fog
 d - a scroll of magic mapping
 e - a scroll of fear
 h - 3 scrolls of identify {unknown}
 i - a scroll of remove curse {unknown}


   Skills:
 + Level 3.0 Fighting
 + Level 2.1 Axes
 + Level 1.5 Dodging
 + Level 3.4 Stealth


You couldn't memorise any spells.
You didn't know any spells.
Your spell library was empty.

Dungeon Overview and Level Annotations

Branches:
Dungeon (5/15)            Ossuary (1/1)
 Temple: D:4-7

Altars:


Innate Abilities, Weirdness & Mutations

You are completely covered in rugged brown scales. (AC +3, +7% HP)
You have supernaturally acute eyesight. (SInv)
Armour fits poorly on your strangely shaped body.
You can roll at foes to attack.
You have a long armoured tail.


Message History

There is an empty arch of ancient stone here.
You feel yourself speed up.
Roll where?
Press: ? - help, Dir - move target cursor, f - mummy
Aim: a mummy You roll forward with a clatter of scales!
You barely miss the mummy.
Your tail-slap misses the mummy.
The mummy closely misses you.
You hit the mummy.
The mummy is moderately damaged.
You hit the mummy but do no damage. You tail-slap the mummy.
The mummy is heavily damaged.
The mummy hits you but does no damage.
You hit the mummy.
The mummy is severely damaged.
Your leather armour prevents you from hitting the mummy.
The mummy is severely damaged.
The mummy hits you!
Ouch! That really hurt!
You die...

##########
#∩........
#..M......
#.@#####+
#..# #..#
#..+ #..#
#..# #..#
#..+ #..#


You could see a mummy.

Vanquished Creatures
  2 jackals (D:5)
2 creatures vanquished.

Notes
Turn   | Place    | Note
-------+----------+-------------------------------------------
     0 | D:5      | miscthings the Palentonga Delver began the quest for the
                  | Orb.
     0 | D:5      | Reached XP level 1. HP: 20/20 MP: 1/1
    64 | D:5      | Noticed a sky beast
   108 | D:5      | Found a sand-covered staircase.
   114 | Ossuary  | Entered an ossuary
   125 | Ossuary  | Slain by a mummy

Illustrated notes

Levels and vault maps discovered:
D:5:      layout_loops_cross, gup_ossuary_entry_pyramid, st_stairs_8
Ossuary:  ossuary_boxes_badplayer

Action                   || total
-------------------------++-------
Melee: Hand axe          ||     8
       Tailslap          ||     1
 Abil: Rolling Charge    ||     1
  Use: Potion            ||     1
Armor: Leather armour    ||     8
Dodge: Dodged            ||     6

Table legend: (Time is in decaauts)
 A = Elapsed time spent in this place.
 B = Non-inter-level travel time spent in this place.
 C = Inter-level travel time spent in this place.
 D = Time resting spent in this place.
 E = Time spent auto-exploring this place.
 F = Levels seen in this place.
 G = Mean time per level.
                   A        B        C        D        E       F      G
               +--------+--------+--------+--------+--------+-----+--------+
         Total |    124 |    124 |      0 |     17 |      3 |   2 |   62.0 |
       Dungeon |    114 |    114 |      0 |     17 |      3 |   1 |  114.0 |
       Ossuary |      9 |      9 |      0 |      0 |      0 |   1 |    9.0 |
               +--------+--------+--------+--------+--------+-----+--------+

Top non-repeatable levels by time:
     D:5: 114 daAuts
 Ossuary: 9 daAuts
